 Dungeon Crawl Stone Soup version 0.31-a0-1620-gcbf77bbcfc (webtiles) character file.

Game seed: 7380646825288953023

4405 Newt the Changeling (level 10, -10/103 HPs)
             Began as a Demonspawn Gladiator on Jan 11, 2024.
             Was a Believer of Hepliaklqana.
             Mangled by an orc warrior
             ... wielding a +0 glaive
              (19 damage)
             ... in a bailey.
             The game lasted 00:09:50 (8668 turns).

Newt the Changeling (Demonspawn Gladiator)          Turns: 8668, Time: 00:09:50

Health: -10/103    AC: 25    Str: 18    XL:     10   Next: 14%
Magic:  15/16      EV:  2    Int: 10    God:    Hepliaklqana [**....]
Gold:   198        SH: 13    Dex: 19    Spells: 17/17 levels left

rFire   + . .        p - +6 flail
rCold   . . .        B - +1 tower shield of New Discoveries {rF+ Dex+3}
rNeg    . . .        j - melded +2 leather armour {rN+}
rPois   +            c - melded +0 helmet
rElec   .            (cloak currently unavailable)
rCorr   .            (gloves currently unavailable)
SInv    .            (boots currently unavailable)
Will    .....        (no amulet)
Stlth   ++           o - +5 ring of evasion
HPRegen 0.37/turn    s - ring of poison resistance
MPRegen 0.15/turn

%: no passive effects
@: tree-form
A: stationary, stasis, torment immunity, boosted hp, reduced essence, (spiny 1),
big brain 1, demonic magic 2
a: Renounce Religion, Recall Ancestor, Ancestor Identity


You were in a bailey.
You worshipped Hepliaklqana.
Hepliaklqana was pleased with you.
You were a tree.
You visited 2 branches of the dungeon, and saw 9 of its levels.
You also visited: Bailey.

You collected 492 gold pieces.
You spent 294 gold pieces at shops.

Inventory:

Hand Weapons
 a - a +1 rapier
 p - a +6 flail (weapon)
 C - a +2 whip of freezing
Missiles
 e - 7 javelins
 g - a throwing net (quivered)
 n - 6 boomerangs
Armour
 b - a +0 leather armour
 c - a +0 helmet (melded)
 d - +0 steam dragon scales
 j - a +2 leather armour of positive energy (melded)
 B - the +1 tower shield of New Discoveries (worn) {rF+ Dex+3}
   (You bought it in a shop on level 1 of the Dungeon)

   Dex+3:     It affects your dexterity (+3).
   rF+:       It protects you from fire.
Jewellery
 f - a ring of ice
 o - a +5 ring of evasion (left branch)
 s - a ring of poison resistance (right branch)
 w - a +6 ring of intelligence
 y - a ring of willpower
Talismans
 l - a beast talisman (active)
Wands
 q - a wand of polymorph (7)
 t - a wand of roots (3)
 A - a wand of paralysis (1)
 D - a wand of flame (19)
Scrolls
 v - 3 scrolls of poison
 x - a scroll of fog
Potions
 i - a potion of enlightenment {unknown}
 k - 2 potions of cancellation
 m - 3 potions of curing
 r - a potion of attraction
 u - a potion of resistance
 z - a potion of degeneration
 E - 3 potions of mutation {unknown}
 F - 4 potions of heal wounds
 G - 7 potions of haste {unknown}
 H - a potion of experience {unknown}


   Skills:
 - Level 6.6 Fighting
 - Level 4.0 Short Blades
 - Level 5.0 Maces & Flails
 - Level 1.7 Throwing
 - Level 5.0 Dodging
 + Level 4.1 Spellcasting
 - Level 0.4 Hexes
 + Level 4.0 Ice Magic
 - Level 7.0 Shapeshifting


You had 17 spell levels left.
You didn't know any spells.
Your spell library contained the following spells:

 Spells                   Type           Power      Damage    Failure   Level
 Ozocubu's Armour         Ice            10%        N/A       88%         3
 Mercury Vapours          Alch/Air       4%         N/A       99%         2
 Inner Flame              Hex/Fire       2%         N/A       100%        3
 Mephitic Cloud           Conj/Alch/Air  2%         N/A       100%        3
 Animate Dead             Necr           2%         N/A       100%        4
 Borgnjor's Vile Clutch   Necr/Erth      1%         N/A       100%        5
 Freezing Cloud           Conj/Ice/Air   2%         6-21      100%        5
 Irradiate                Conj/Alch      1%         3d12      100%        5
 Metabolic Englaciation   Hex/Ice        3%         N/A       100%        5
 Death Channel            Necr           1%         N/A       100%        6
 Sculpt Simulacrum        Ice/Alch       3%         N/A       100%        6
 Ignition                 Fire           1%         3d3       100%        8


Dungeon Overview and Level Annotations

Branches:
Dungeon (8/15)             Temple (1/1) D:4          Bailey (1/1)
   Lair: D:8-11

Altars:
Ashenzari
Cheibriados
Dithmenos
Fedhas
Gozag
Hepliaklqana
Kikubaaqudgha
Makhleb
Nemelex Xobeh
Okawaru
Qazlal
Sif Muna
Uskayaw
Vehumet
Wu Jian
Xom
Yredelemnul

Shops:
D:1 *

Annotations:
D:7 3 runed translucent doors, ChongLi's ghost, novice DsDe


Innate Abilities, Weirdness & Mutations

You are a tree.
Your roots penetrate the ground, keeping you stationary.
You cannot be teleported.
You are immune to unholy pain and torment.
Your maximum health is greatly increased.
Your equipment is partially melded.
Your life essence is reduced to manifest your ancestor. (-10% HP)
((You are partially covered in sharp spines.))
You have an unusually large brain. (Int +2)
Spells you cast may paralyse nearby enemies.


Message History

The orc warrior is heavily wounded.
You block the orc knight's attack. You block the orc warrior's attack.
Libusa hits the orc knight but does no damage.
Libusa drains the orc knight.
Libusa hits the orc knight with a +0 dagger of draining.
The orc knight dies!
You block the orc warrior's attack.
The orc knight is struck by your spines.
The orc knight misses you.
Your Spellcasting skill increases to level 4!
Your Ice Magic skill increases to level 4!
Your transformation has ended.
Your +0 helmet unmelds from your body.
You turn into a tree.
Your +0 helmet melds into your body.
Your +2 leather armour of positive energy melds into your body.
You feel less protected from negative energy.
Your roots penetrate the ground.
You block the orc knight's attack. You block the orc warrior's attack.
Libusa casts a spell at the orc warrior.
The orc warrior resists with some effort.
Unknown command.
Unknown command.
You hit the orc warrior.
The orc warrior is heavily wounded.
The orc knight hits you with a +0 glaive!
* * * LOW HITPOINT WARNING * * *
The orc warrior hits you but does no damage.
Libusa misses the orc warrior.
Libusa hits the orc warrior with a +0 dagger of draining!
The orc warrior hits Libusa with a +0 glaive!!
The orc knight hits you but does no damage.
Unknown command.
You hit the orc warrior but do no damage.
The orc warrior is almost dead.
Libusa completely misses the orc warrior.
Libusa hits the orc warrior with a +0 dagger of draining.
The orc knight hits you with a +0 glaive.
* * * LOW HITPOINT WARNING * * *
The orc warrior hits you with a +0 glaive!!
You die...

#..???..#
#..???..#
#.......#
#.).....#
#.......#
#...R...#
#..oo...#
#..)♣...#
##.....##
#'''''#
##.....##
#.......#
#.).....#
#...)...#
#))#)#..#
#.).)...#


You could see the friendly Libusa the hexer, an orc knight and an orc warrior
(strong, ally target).

Vanquished Creatures
  Maggie (D:7)
  Grinder (D:3)
  A steam dragon (D:7)
  A water moccasin (D:7)
  2 orc warriors
  2 black bears
  A centaur (D:7)
  2 kobold brigands
  2 bullfrogs
  2 scorpions
  6 wights (D:8)
  A bombardier beetle (D:4)
  2 jellies (D:5)
  2 orc priests
  A gnoll bouda (D:6)
  2 hounds
  2 sleepcaps
  3 orc wizards
  Ijyb (D:4)
  An iguana (D:5)
  6 gnolls
  6 adders
  2 shadow imps (D:6)
  A white imp (D:6)
  4 dart slugs
  3 ribbon worms
  37 orcs
  5 ball pythons
  8 endoplasms
  2 giant cockroaches
  6 goblins
  4 hobgoblins
  7 jackals
  6 quokkas
  8 bats
  2 frilled lizards
  19 kobolds
  5 rats
167 creatures vanquished.

Vanquished Creatures (collateral kills)
  2 orc knights (Bailey)
  4 orc warriors
  2 ice beasts
  2 bullfrogs (D:8)
  2 scorpions
  A bombardier beetle (D:5)
  An orc priest (D:7)
  A hound (D:7)
  An orc wizard (D:7)
  2 gnolls (D:6)
  2 adders (D:6)
  14 orcs
  2 kobolds (D:7)
36 creatures vanquished.

Vanquished Creatures (others)
  A hexer (D:7)
1 creature vanquished.

Grand Total: 204 creatures vanquished

Notes
Turn   | Place    | Note
-------+----------+-------------------------------------------
     0 | D:1      | Newt the Demonspawn Gladiator began the quest for the Orb.
     0 | D:1      | Reached XP level 1. HP: 16/16 MP: 1/1
   188 | D:1      | Gained mutation: You have an unusually large brain. (Int
                  | +2) [demonic ancestry]
   188 | D:1      | Reached XP level 2. HP: 23/23 MP: 2/2
   474 | D:1      | Reached XP level 3. HP: 25/29 MP: 3/3
   499 | D:1      | Found Roemaukk's Assorted Antiques.
   509 | D:1      | Bought a scroll labelled OCAOPLAASCH for 28 gold pieces
  1738 | D:3      | Gained mutation: You are partially covered in sharp spines.
                  | [demonic ancestry]
  1738 | D:3      | Reached XP level 4. HP: 26/37 MP: 4/4
  1823 | D:3      | Noticed Grinder
  1828 | D:3      | Paralysed by Grinder for 5 turns
  1835 | D:3      | Paralysed by Grinder for 3 turns
  1845 | D:3      | Killed Grinder
  1846 | D:3      | Reached XP level 5. HP: 17/42 MP: 5/5
  2031 | D:3      | Reached XP level 6. HP: 15/48 MP: 6/6
  2294 | D:3      | Found a faded altar of an unknown god.
  3445 | D:4      | Noticed Ijyb
  3473 | D:4      | Killed Ijyb
  3474 | D:4      | Reached skill level 5 in Dodging
  3508 | D:4      | Found a staircase to the Ecumenical Temple.
  3521 | D:4      | Reached skill level 1 in Shapeshifting
  3526 | Temple   | Entered the Ecumenical Temple
  3533 | Temple   | Became a worshipper of Hepliaklqana the Forgotten
  3585 | D:4      | Found a broken altar of Ashenzari.
  3786 | D:4      | Reached skill level 2 in Shapeshifting
  3884 | D:4      | Found an iron altar of Okawaru.
  3889 | D:4      | Gained mutation: Spells you cast may paralyse adjacent
                  | enemies. [demonic ancestry]
  3889 | D:4      | Reached XP level 7. HP: 53/54 MP: 7/7
  3973 | D:4      | Found an ornate altar of the Wu Jian Council.
  4028 | D:5      | Entered Level 5 of the Dungeon
  4093 | D:5      | Reached * piety under Hepliaklqana
  4237 | D:5      | Reached skill level 3 in Shapeshifting
  4513 | D:5      | Reached skill level 4 in Shapeshifting
  5241 | D:5      | Reached skill level 5 in Shapeshifting
  5512 | D:6      | Reached XP level 8. HP: 51/54 MP: 8/8
  5634 | D:6      | Reached ** piety under Hepliaklqana
  5635 | D:6      | Remembered your ancestor Libusa as a hexer
  5786 | D:6      | Reached skill level 6 in Shapeshifting
  6366 | D:6      | Reached skill level 7 in Shapeshifting
  6496 | D:1      | Bought a distressingly furry tower shield for 266 gold
                  | pieces
  6496 | D:1      | Identified the +1 tower shield of New Discoveries {rF+
                  | Dex+3} (You bought it in a shop on level 1 of the Dungeon)
  6714 | D:7      | Reached skill level 5 in Fighting
  7001 | D:7      | Gained mutation: Spells you cast may paralyse nearby
                  | enemies. [demonic ancestry]
  7001 | D:7      | Reached XP level 9. HP: 59/62 MP: 9/9
  7067 | D:7      | Found a runed translucent gate.
  7067 | D:7      | Found a runed translucent gate.
  7067 | D:7      | Found a runed translucent gate.
  7074 | D:7      | Noticed ChongLi's ghost (novice DsDe)
  7074 | D:7      | Noticed a spectral unseen horror
  7208 | D:7      | Noticed Maggie
  7211 | D:7      | Reached skill level 1 in Maces & Flails
  7226 | D:7      | Killed Maggie
  8009 | D:8      | Noticed a tengu warrior
  8009 | D:8      | Noticed a gargoyle
  8010 | D:8      | Noticed a brown ugly thing
  8050 | D:8      | Reached skill level 5 in Maces & Flails
  8097 | D:8      | Found a radiant altar of Vehumet.
  8098 | D:8      | Found a hide-covered altar of Uskayaw.
  8145 | D:8      | Reached skill level 1 in Spellcasting
  8147 | D:8      | Reached skill level 1 in Ice Magic
  8169 | D:8      | Found a flagged portal.
  8178 | Bailey   | Entered a bailey
  8645 | Bailey   | Noticed an orc knight
  8645 | Bailey   | Noticed an orc knight
  8652 | Bailey   | Noticed an orc knight
  8657 | Bailey   | Killed an orc knight
  8658 | Bailey   | Reached XP level 10. HP: 57/69 MP: 13/15
  8665 | Bailey   | Killed an orc knight
  8668 | Bailey   | Mangled by an orc warrior

Illustrated notes

Levels and vault maps discovered:
D:1:      roadster_arrival_rocket_large, layout_loops_ring, serial_shops,
          nicolae_shop_trees, minmay_box_of_dots
D:2:      layout_rooms
D:3:      layout_basic, shapermc_ecumenical_altar_mp_urbaneastern,
          lemuel_flame_loot_1, uniq_grinder
D:4:      layout_rooms, ashenzari_altar_1, okawaru_altar_gauntlet_db,
          general_overflow_altar, minmay_temple_entry_arrows, uniq_ijyb
D:5:      layout_loops_corners, minmay_misc_feat_pillars, st_stairs_13
D:6:      layout_loops_cross, grunt_ministairs_7,
          minmay_misc_feat_secret_circle, grunt_decor_mini_mirrors
D:7:      layout_basic, gammafunk_ghost_necromancy, uniq_maggie
D:8:      layout_basic, mainiacjoe_overflow_divided_tiny, enter_bailey_2,
          onia_ninara_dug_in_and_dangerous
Temple:   hellmonk_temple_of_storms
Bailey:   bailey_polearm_5, bailey

Skill      XL: |  1  2  3  4  5  6  7  8  9 10 |
---------------+-------------------------------+-----
Fighting       | 3 4 6 |  6.6
Short Blades   | 3 4 |  4.0
Dodging        | 4 5 |  5.0
Shapeshifting  | 2 5 7 |  7.0
Maces & Flails | 5 |  5.0
Spellcasting   | 3 4 |  4.1
Ice Magic      | 3 4 |  4.0
Throwing       | |  1.7
Hexes          | |  0.4

Action                     |  1- 3 |  4- 6 |  7- 9 | 10-12 || total
---------------------------+-------+-------+-------+-------++-------
  Melee: Rapier            |   177 |    84 |   174 |       ||   435
         Punch             |       |       |     2 |       ||     2
         Whip              |       |       |    54 |       ||    54
         Flail             |       |       |    44 |     6 ||    50
  Throw: Throwing net      |     1 |     3 |     1 |       ||     5
 Invoke: Recall Ancestor   |       |       |     1 |       ||     1
         Ancestor Life: He |       |       |     1 |       ||     1
  Evoke: Wand              |       |       |     3 |     3 ||     6
    Use: Scroll            |     7 |     1 |     7 |       ||    15
         Potion            |     1 |     1 |     2 |     1 ||     5
   Stab: Sleeping          |     1 |       |     1 |       ||     2
         Held in net/web   |       |     2 |       |       ||     2
         Distracted        |       |       |     2 |       ||     2
         Confused          |       |       |     3 |       ||     3
         Paralysed         |       |       |     7 |       ||     7
 Armour: Leather armour    |    95 |    37 |   119 |     3 ||   254
         Steam dragon scal |       |       |     1 |       ||     1
         Skin              |       |       |       |     5 ||     5
  Dodge: Dodged            |   133 |    53 |   246 |     8 ||   440
  Block: Tower shield      |       |       |    39 |    11 ||    50
   Form: Beast             |       |       |     1 |       ||     1

Table legend: (Time is in decaauts)
 A = Elapsed time spent in this place.
 B = Non-inter-level travel time spent in this place.
 C = Inter-level travel time spent in this place.
 D = Time resting spent in this place.
 E = Time spent auto-exploring this place.
 F = Levels seen in this place.
 G = Mean time per level.
                   A        B        C        D        E       F      G
               +--------+--------+--------+--------+--------+-----+--------+
         Total |   8701 |   8111 |    590 |   1461 |   5353 |  10 |  870.1 |
       Dungeon |   8180 |   7604 |    576 |   1347 |   5061 |   8 | 1022.5 |
        Temple |     14 |      1 |     13 |      0 |      0 |   1 |   14.0 |
        Bailey |    505 |    505 |      0 |    114 |    292 |   1 |  505.0 |
               +--------+--------+--------+--------+--------+-----+--------+

Top non-repeatable levels by time:
     D:3: 1749 daAuts
     D:5: 1455 daAuts
     D:7: 1438 daAuts
     D:6: 989 daAuts
     D:2: 938 daAuts
     D:1: 844 daAuts
     D:4: 586 daAuts
  Bailey: 505 daAuts
     D:8: 180 daAuts
  Temple: 14 daAuts
